Cogmind - Beta 15 @@@ ROGUE MODE // 2025.07.27 @ 12:01:18 Player: FrigidRock Result: Destroyed by G-47 Trooper with Particle Gun Performance ------------- Evolutions (1) 500 Regions Visited (2) 400 Robots Destroyed (30) 150 Value Destroyed (645) 645 Prototype IDs (1) 20 Alien Tech Used (0) 0 Bonus (0) 0 TOTAL SCORE: 1715 Bonus ------- None Cogmind --------- Core Integrity 0/400 Matter 285/300 Energy 248/250 System Corruption 5% Temperature Cool (11) Movement Flying (37) Location -9/Materials Parts ------- > --- POWER (1) -------- Ion Engine > --- PROPULSION (3) --- Improved Flight Unit Improved Flight Unit > --- UTILITY (3) ------ Structural Scanner > --- WEAPON (2) ------- (None) > --- INVENTORY (5) ---- Ion Engine Large Storage Unit Datajack Peak State ------------ > --- POWER ------------ Ion Engine > --- PROPULSION ------- Improved Flight Unit Improved Flight Unit Improved Flight Unit > --- UTILITY ---------- Structural Scanner Hacking Suite > --- WEAPON ----------- Light Assault Rifle Light Assault Rifle > --- INVENTORY -------- Ion Engine Improved Flight Unit Large Storage Unit Datajack [Rating: 16] Favorites ----------- Power Improved Ion Engine Engine Improved Ion Engine Propulsion Compact Wheel Leg Aluminum Leg Wheel Compact Wheel Flight Unit Improved Flight Unit Utility Large Storage Unit Device Seismic Detector Storage Large Storage Unit Hackware Hacking Suite Weapon Light Assault Rifle Energy Gun EM Shotgun Energy Cannon Light EM Pulse Cannon Ballistic Gun Light Assault Rifle Launcher Grenade Launcher Special Weapon Mining Laser Build | -11 -10 -9 ------- Run | Yrd Mat Mat Slots Evolved 2 | . . 2 Power . | . . . Propulsion 1 | . . 1 Utility 1 | . . 1 Weapon . | . . . Parts Attached 30 | 6 1 23 Power 4 | 1 . 3 Engine 4 | 1 . 3 Core . | . . . Reactor . | . . . Propulsion 11 | 2 . 9 Treads . | . . . Leg 1 | . . 1 Wheel 6 | 2 . 4 Hover . | . . . Flight 4 | . . 4 Utility 4 | 1 1 2 Device 2 | 1 . 1 Storage 1 | . 1 . Processor . | . . . Hackware 1 | . . 1 Protection . | . . . Artifact . | . . . Weapon 11 | 2 . 9 Energy Gun 3 | . . 3 Energy Cannon 1 | . . 1 Ballistic Gun 5 | 2 . 3 Ballistic Cannon . | . . . Launcher 1 | . . 1 Special Weapon 1 | . . 1 Impact Weapon . | . . . Slashing Weapon . | . . . Piercing Weapon . | . . . Special Melee Weapon . | . . . Unidentified Prototypes 1 | . . 1 Parts Lost 19 | . . 19 Power 1 | . . 1 Propulsion 7 | . . 7 Utility 2 | . . 2 Weapon 9 | . . 9 Highest Loss Streak 5 | . . 5 To Critical Strikes . | . . . Average Backups 5 | 1 5 5 Power 1 | . 1 2 Propulsion 1 | . 3 1 Utility . | . . 1 Weapon . | . . . Tool/Special . | . . . Unused Backups 2 | . . 2 Power 1 | . . 1 Propulsion . | . . . Utility . | . . . Weapon . | . . . Tool/Special 1 | . . 1 Average Slot Usage (%) 75 | . 90 73 Engine 10 | . 14 10 Wheel 18 | . 28 17 Flight 5 | . . 6 Device 11 | . 14 11 Storage 7 | . 4 7 Energy Gun 1 | . . 1 Ballistic Gun 17 | . 28 16 Peak Build Rating 16 | 6 7 16 Average Rating 8 | 4 6 9 On Entrance 4 | . 6 7 Naked Turns . | . . . Heaviest Build 34 | 7 27 34 Greatest Support 42 | 32 32 42 Greatest Overweight (x) 9 | . . 9 Average Overweight (x) . | . . . Largest Inventory Capacity 15 | 5 15 15 Average Capacity 10 | 5 9 11 Most Carried 8 | 5 5 8 Average Carried 5 | 1 4 5 Final Capacity 15 | 5 15 5 Final Carried 5 | 5 5 3 Class Distribution -------------------- 82% | Mutant 17% | Scavenger-Mutant Dominant Class ---------------- Mutant | -10/Materials Mutant | -9/Materials Resources | -11 -10 -9 ----------- Run | Yrd Mat Mat Matter Collected 767 | 292 . 475 Remotely . | . . . Salvage Created 828 | 123 . 705 Parts 62 | 14 . 48 Haulers Intercepted 1 | . . 1 Recyclers Shooed 1 | . . 1 Parts Field Recycled . | . . . Retrieved Matter . | . . . Parts Self-Destructed . | . . . Prevented . | . . . Kills | -11 -10 -9 ------- Run | Yrd Mat Mat Combat Hostiles Destroyed 20 | . . 20 Guns 14 | . . 14 Cannons 1 | . . 1 AOE 5 | . . 5 Classes Destroyed 9 | 2 . 7 Builder 1 | . . 1 Tunneler 3 | 3 . . Hauler 1 | . . 1 Recycler 2 | 1 . 1 Operator 1 | . . 1 Watcher 2 | . . 2 Swarmer 7 | . . 7 Grunt 11 | . . 11 Sentry 2 | . . 2 Best Kill Streak 5 | 4 . 5 Combat Bots Only 4 | . . 4 Max Kills in Single Turn 3 | 2 . 3 Gunslinging . | . . . Exploded 2 | . . 2 Melee . | . . . Uniques/NPCs Destroyed . | . . . Combat | -11 -10 -9 -------- Run | Yrd Mat Mat Hostile Shots Fired 197 | . . 197 Missed 68 | . . 68 Hits 129 | . . 129 Melee 2 | . . 2 Projectile 127 | . . 127 Critical Strikes 5 | . . 5 Damage Taken 1692 | . . 1692 Core 406 | . . 406 Absorbed by Shields . | . . . Core Remaining (%) 100 | 100 100 . Volleys Fired 104 | 8 1 95 Largest 2 | 2 2 2 Hottest 120 | 40 40 120 Shots Fired 180 | 16 2 162 Gun 164 | 16 2 146 Cannon 9 | . . 9 Launcher 2 | . . 2 Special 5 | . . 5 Kinetic 161 | 16 2 143 Thermal 5 | . . 5 Explosive 2 | . . 2 Electromagnetic 12 | . . 12 Robot Hit Streak 13 | 7 4 13 Robot Miss Streak 4 | 4 . 3 Penetration Max . | . . . Secondary Targets 1 | . . 1 Max Gunslinging Chain 1 | . . 1 Shots Hit Robots 122 | 10 2 110 Core Hits 56 | 6 . 50 Critical Kills . | . . . Critical Parts Destroyed . | . . . Critical Strikes . | . . . Melee Attacks . | . . . Impact . | . . . Slashing . | . . . Piercing . | . . . Sneak Attacks . | . . . Combat Hostiles . | . . . Follow-up Attacks . | . . . Damage Inflicted 1726 | 96 23 1607 Guns 1197 | 96 23 1078 Cannons 179 | . . 179 Explosions 254 | . . 254 Melee . | . . . Ramming . | . . . Kinetic 1128 | 96 23 1009 Thermal 156 | . . 156 Explosive 194 | . . 194 Electromagnetic 248 | . . 248 Impact . | . . . Slashing . | . . . Piercing . | . . . Highest Corruption 5 | . . 5 Average Corruption 5 | . . 5 Corruption Purged . | . . . Corruption Blocked . | . . . Effects 1 | . . 1 Parts Rejected 1 | . . 1 Overload Shots . | . . . Overflow Damage 26 | . . 26 Projectiles 6 | . . 6 Explosions 20 | . . 20 Melee . | . . . Knockbacks . | . . . Impact . | . . . Kinetic . | . . . Secondary . | . . . Self-Inflicted Damage 112 | . . 112 Shots 3 | . . 3 Rammed . | . . . Targets Rammed . | . . . Kicked . | . . . Crushed . | . . . Highest Temperature 232 | . . 232 Average Temperature 89 | . . 89 Received Heat Transfer 702 | . . 702 Effects 3 | . . 3 Interference 3 | . . 3 Siege Activations . | . . . Martial Activations . | . . . Shielding Activations . | . . . Robots Disrupted . | . . . Combat Hostiles . | . . . Robots Corrupted . | . . . Combat Hostiles . | . . . Parts Fried 1 | . . 1 Impact Corruptions . | . . . Robots Melted . | . . . Combat Hostiles . | . . . Parts Melted . | . . . Heat Transferred 300 | . . 300 Parts Sabotaged . | . . . Parts Stolen . | . . . Parts Stripped . | . . . Power Chain Reactions 1 | . . 1 Alert | -11 -10 -9 ------- Run | Yrd Mat Mat Maximum Alert Level 1 | . . 1 Low Security (%) 86 | 100 100 84 Level 1 13 | . . 15 Level 2 . | . . . Level 3 . | . . . Level 4 . | . . . Level 5 . | . . . High Security . | . . . Max Security . | . . . Peak Influence 314 | 20 4 314 Initial . | . . . Average 93 | 3 . 110 Influence Increases 804 | 20 4 780 Destroy 0b10 Robot/C 400 | . . 400 Destroy 0b10 Robot/NC 50 | 20 . 30 Destroy Leader 76 | . . 76 Trap Triggered on 0b10 10 | . . 10 Successful Hack 24 | . 4 20 Disable Machine 15 | . . 15 Destroy Structure 19 | . . 19 Partial Spotted 45 | . . 45 Lose Combat Pursuer 165 | . . 165 Influence Decreases 512 | 20 4 488 Time Decay 322 | 20 4 298 Lost Part 180 | . . 180 Lost Ally 10 | . . 10 Squads Dispatched 5 | . . 5 Investigation 3 | . . 3 Extermination . | . . . Reinforcement 2 | . . 2 Assault . | . . . Garrison . | . . . Intercept . | . . . Searches Triggered . | . . . Construction Impeded . | . . . Haulers Reinforced . | . . . Active Scanning Responses . | . . . Cargo Convoy Interrupts . | . . . Stealth | -11 -10 -9 --------- Run | Yrd Mat Mat Distress Signals 5 | . . 5 Communications Jammed . | . . . Distress Signals . | . . . Times Spotted 57 | . 1 56 Peak Tracking Total 14 | . 1 14 Tactical Retreats 7 | . . 7 Traps | -11 -10 -9 ------- Run | Yrd Mat Mat Traps Triggered 1 | . . 1 Indirectly . | . . . Trap Hack Attempts . | . . . Triggered . | . . . Disarmed . | . . . Reprogrammed 6 | . . 6 Reused 1 | . . 1 Traps Extracted . | . . . Installed . | . . . Triggered 1 | . . 1 Machines | -11 -10 -9 ---------- Run | Yrd Mat Mat Machines Disabled 1 | . . 1 Max in Single Turn 1 | . . 1 Machines Repaired . | . . . Machines Dismantled . | . . . Machines Sabotaged . | . . . Overloaded Fab Kills . | . . . Hacking | -11 -10 -9 --------- Run | Yrd Mat Mat Machines Accessed 12 | . 2 10 Terminals 11 | . 2 9 Fabricators . | . . . Repair Stations 1 | . . 1 Recycling Units . | . . . Scanalyzers . | . . . Garrison Access . | . . . Total Hacks 26 | . 2 24 Successful 9 | . 2 7 Failed 17 | . . 17 Catastrophic 3 | . . 3 Database Lockouts . | . . . Manual 23 | . 2 21 Terminals 24 | . 2 22 Fabricators . | . . . Repair Stations 2 | . . 2 Recycling Units . | . . . Scanalyzers . | . . . Garrison Access . | . . . Terminal Hacks 3 | . . 3 Level Access Points 1 | . . 1 Branch Access Points 1 | . . 1 Reprogram Traps 1 | . . 1 Fabricator Hacks . | . . . Repair Station Hacks . | . . . Recycling Unit Hacks . | . . . Scanalyzer . | . . . Garrison Access Hacks . | . . . Unauthorized Hacks 6 | . 2 4 Terminals 6 | . 2 4 Assimilate 1 | . . 1 Botnet 3 | . . 3 Skim 2 | . 2 . Fabricators . | . . . Repair Stations . | . . . Recycling Units . | . . . Scanalyzers . | . . . Garrison Access . | . . . Data Cores Recovered . | . . . Used . | . . . Hacking Detections 11 | . 1 10 Full Trace Events 1 | . . 1 Feedback Events 1 | . . 1 Hackware Fried 1 | . . 1 Feedback Blocked . | . . . Robot Schematics Acquired . | . . . Robots Built . | . . . Authchips . | . . . Time . | . . . Total Robot Build Rating . | . . . Part Schematics Acquired . | . . . Parts Built . | . . . Authchips . | . . . Time . | . . . Total Part Build Rating . | . . . Parts Repaired . | . . . Time . | . . . Parts Recycled . | . . . Recycled Matter . | . . . Retrieved Matter . | . . . Retrieved Components . | . . . Parts Scanalyzed . | . . . Part Schematics Acquired . | . . . Parts Damaged . | . . . Bothacking | -11 -10 -9 ------------ Run | Yrd Mat Mat Used RIF Installer . | . . . Robots Hacked . | . . . Non-combat . | . . . Combat . | . . . Robot Hacks Applied . | . . . Relay Couplers Released . | . . . Fabnet Peak Effective % . | . . . Robots Rewired . | . . . Allies Hacked . | . . . Hacks Repelled . | . . . Allies | -11 -10 -9 -------- Run | Yrd Mat Mat Total Allies 1 | . . 1 Largest Group 1 | . . 1 Highest-Rated Group 10 | . . 10 Highest-Rated Ally 10 | . . 10 Total Orders . | . . . Ally Attacks . | . . . Total Damage . | . . . Kills . | . . . Allies Corrupted . | . . . Allies Melted . | . . . Intel | -11 -10 -9 ------- Run | Yrd Mat Mat Active Infowar (turns) 1165 | 30 80 1055 Structural 491 | . . 491 Seismic 744 | 30 80 634 Robot Analysis Total . | . . . Derelict Logs Recovered . | . . . Drone Launches . | . . . Drone Recoveries . | . . . Exploration | -11 -10 -9 ------------- Run | Yrd Mat Mat Turns Passed 1250 | 115 80 1055 Spaces Moved 951 | 65 75 811 Core 27 | 1 . 26 Treads . | . . . Legs 30 | . . 30 Wheels 365 | 64 75 226 Hover . | . . . Flight 529 | . . 529 Fastest Speed 34 | 50 100 34 Average Speed 66 | 99 100 61 Slowest Speed 500 | 100 100 500 Overloaded Moves . | . . . Propulsion Burnouts . | . . . Robots Hopped 24 | . . 24 Potential Cave-ins . | . . . Cave-ins Triggered . | . . . Exploration Rate (%) 39 | 4 18 95 Regions Visited 2 Branch Regions . Pre-discovered Areas . | . . . Known Exits Taken . | . . . Unknown Exits Taken 2 | 1 1 . Scrap Searched . | . . . Spaces Dug . | . . . Terrain Destroyed 16 | . . 16 Melee . | . . . Projectile . | . . . AOE 16 | . . 16 Terrain Rammed . | . . . Walls Destroyed . | . . . Machines Disabled . | . . . Actions | -11 -10 -9 --------- Run | Yrd Mat Mat Total 1363 | 98 78 1187 Wait 280 | 15 . 265 Move 903 | 64 74 765 Hop 22 | . . 22 Pick Up 13 | 5 1 7 Fast Attach 20 | 6 1 13 Attach 11 | . . 11 Detach 3 | . . 3 Swap 1 | . . 1 Drop 6 | . 1 5 Fire 104 | 8 1 95 Melee . | . . . Ram . | . . . Kick . | . . . Crush . | . . . Escape Stasis . | . . . Rewire . | . . . Trap . | . . . Miscellaneous . | . . . Route ------- -11/Scrapyard -10/Materials -9/Materials (discovered 5 exits: *Mat x3 / *Min x2) History --------- Turn | Location | Event 10 | -11/Scrapyard | Discovered new exit (range 14) 116 | -11/Scrapyard | Entered Materials 187 | -10/Materials | Discovered new exit (range 4) 196 | -10/Materials | Entered another Materials area 196 | -9/Materials | Evolved 2 slots: Propulsion x1, Utility x1 312 | -9/Materials | Build established: Mutant 725 | -9/Materials | Lost 3 parts (2n1w) 858 | -9/Materials | Core integrity fell below 50% 924 | -9/Materials | Lost 5 parts (2n1u2w) 973 | -9/Materials | Core integrity fell below 20% 1058 | -9/Materials | Discovered new exit (range 9) 1089 | -9/Materials | Discovered new exit (range 8) 1109 | -9/Materials | Hacking Suite fried by hacking feedback 1114 | -9/Materials | Identified exit to Mines 1119 | -9/Materials | Discovered new exit (range 16) 1140 | -9/Materials | Lost 3 parts (1u2w) 1178 | -9/Materials | Identified exit to Materials 1251 | -9/Materials | Destroyed by G-47 Trooper with Particle Gun Last Messages --------------- Found 3 level access points to Materials: (6,86) (91,19) (16,13) Map updated. 01193_ Connecting with Terminal... 01212_ Critical hit (Burn: +37). 01213_ Connecting with Terminal... >>Trojan(Assimilate) Trojan loaded successfully. Testing... System interface override in place. 01221_ Technician 2a reveals location of Shock Trap. 01222_ W-16 Scout sends out distress signal. 01223_ EM Shotgun destroyed. 01223_ System corrupted by crushing effect (+5). 01224_ EM Shotgun destroyed. 01226_ System corrupted: Imp. Flight Unit rejected. 01235_ Knocked back. 01248_ Imp. Flight Unit destroyed. Map ----- +----------------------------------------------------+ | ###??????## ### """ ##?? | | ##??????## ###//! """ ##?? | | ###??????## ###/!! """ ###? | | " ##???????## ###/! ###? | | " " " ##???????## ### """ ##? | | " "R" ##???????## ###[ ! """ ###? | | """ ########### ### """ ###? | | ################# ### ##?? | | ########## ####+########?? | | #### ########?? | | #### ##???????? | | ########### ##???????? | | ########## ########### ##???????? | | ######### ##???????## ##???????? | | [ ##????## ##???????## ##???????? | | ###????## ##???????## ########## | | ###????## ##???????## ########## | | ##?????## ##???????## ### # | | ##?????## ##???????## ### """" # | | ##????? ##???????## ### """" # | | ##?????? ########### ### """" # | | ##????? ########### ### # | | ###????? u # """" # | | ###????? + """" # | | ##?????? # """" # | | ##??????########+###### Y@ # # | | #######?###### ### # """" # | | #########????????????## # """" # | | ####????????????## # """" # | | ????????## # # | | ##??????????## ######## | | """ ##### ### ## # | | """ ############## # " # | | """ ^ ! # """# | | """ + """# | | # """# | | # "" # | | ######+############ """g ##/ """# | | ## ########" """g ## ""# | | ## ???????##T """g ##! """# | | ## / ########" g ## " # | | ## ######## ## # | | ## + !/%* ## ] # | | ## [ ############# ######## | | ## / ############# ######## | | ## # # ######## | | ###########?? """ "" # ######## | | ############ """ T" / # """ ## | | ??########## """ "" # # "Y" ## | | ??# ### # # ## | +----------------------------------------------------+ Best States ------------- Heat Dissipation 28 Energy Generation 12 Energy Capacity 265 Matter Stores 300 Matter Capacity 300 Sight Range 16 Terrain Scan Density 10 Evasion (%) 63 Offensive Hacking 10 Item Schematics ----------------- None Robot Schematics ------------------ None Fabricated ------------ Nothing Repaired ---------- Nothing Alien Tech Used ----------------- None Achievements -------------- None Challenges ------------ None Game ------ Seed WeaponsJunkDoublenader Manual? 0 Play Time 00:16:44 Cumulative 290.0 hours Start 2025.07.27 @ 11:43:06 End 2025.07.27 @ 12:01:18 Sessions 1 Manual Loads 0 Difficulty Rogue Special Mode None Game No. 117 Rogue 46 Adventurer 68 Explorer 3 Win Type - Total 24 Types 16/1/1/4/1/0/0/0/0/1 Lore% 74 Gallery% 72 Achievement% 69 Wizard Run 0 Options --------- Layout 0 ASCII 0 Keyboard 0 Movement Numpad Keybinds 0 Fullscreen 1 Font 24/Smallcaps Map View 76x50 Zoom Use 0% Tactical HUD 1 Map Filters NONE Filters NONE Steam 1 RUN: f8978823-e8e5-41e1-89a5-8a8b80039f3e